 Dungeon Crawl Stone Soup version 0.24.0-28-g17ded55e90 (webtiles) character file.

Game seed: 14947012490501974173, levelgen mode: deterministic

38 Emblim88 the Gusty (level 3, 0/19 HPs)
             Began as a Tengu Air Elementalist on Nov 11, 2019.
             Slain by an adder (4 damage)
             ... on level 2 of the Dungeon.
             The game lasted 00:05:54 (1276 turns).

Emblim88 the Gusty (Tengu Air Elementalist)         Turns: 1276, Time: 00:05:54

Health: 0/19       AC:  2    Str:  8    XL:     3   Next: 43%
Magic:  2/7        EV: 13    Int: 16    God:
Gold:   70         SH:  0    Dex: 14    Spells: 0/6 levels left

rFire    . . .     SeeInvis .   f - +0 dagger
rCold    . . .     Gourm    .   (no shield)
rNeg     . . .     Faith    .   a - +0 robe
rPois    .         Spirit   .   (helmet restricted)
rElec    .         Reflect  .   (no cloak)
rCorr    .         Harm     .   (no gloves)
MR       .....                  (boots unavailable)
Stlth    ++........             (no amulet)
HPRegen  0.06/turn              (no ring)
MPRegen  0.10/turn              (no ring)

@: lethally poisoned (0 -> -7), very slightly contaminated
A: beak, talons 3
a: no special abilities


You were on level 2 of the Dungeon.
You were not hungry.

You visited 1 branch of the dungeon, and saw 2 of its levels.

You collected 70 gold pieces.

Inventory:

Hand Weapons
 f - a +0 dagger (weapon)
Armour
 a - a +0 robe (worn)
Scrolls
 b - a scroll of enchant armour {unknown}
 d - 2 scrolls of teleportation {unknown}
 g - a scroll of identify {unknown}
 i - a scroll of immolation {unknown}
 k - a scroll of fog {unknown}
Potions
 e - a potion of agility {unknown}
 h - 2 potions of brilliance {unknown}
Comestibles
 c - a ration
 j - 2 chunks of flesh


   Skills:
 + Level 0.4 Short Blades
 + Level 2.6 Dodging
 + Level 2.4 Stealth
 + Level 2.3 Spellcasting
 + Level 2.2 Conjurations
 + Level 4.3 Air Magic


You couldn't memorise any spells.
You knew the following spells:

 Your Spells              Type           Power        Failure   Level  Hunger
a - Shock                 Conj/Air       ##..         5%          1    #......
b - Static Discharge      Conj/Air       ##......     16%         3    ###....
c - Swiftness             Chrm/Air       #.......     12%         2    ###....

Your spell library contained the following spells:

 Spells                   Type           Power        Failure   Level  Hunger
 Airstrike                Air            ###.......   32%         4    #####..
 Lightning Bolt           Conj/Air       ##........   82%         5    ######.


Dungeon Overview and Level Annotations

Branches:
Dungeon (2/15)

Altars:


Innate Abilities, Weirdness & Mutations

You have a beak for a mouth.
You have claws for feet.


Message History

Press: ? - help, Shift-Dir - straight line, f/p - adder
Aim: an adder (moderately wounded)
The zap hits the adder.
The adder is heavily wounded.
You feel sick. The adder bites you. The adder misses you.
The adder completely misses you.
* * * LOW HITPOINT WARNING * * *
You feel sick. The adder barely misses you.
* * * LOW HITPOINT WARNING * * *
You feel sick.
Casting: Shock (safe; 5% risk of failure)
Confirm with . or Enter, or press ? or * to list all spells.
Aiming: Shock (safe; 5% risk of failure)
Press: ? - help, Shift-Dir - straight line, f/p - adder
Aim: an adder (moderately wounded)
The zap hits the adder.
The adder is heavily wounded.
The adder bites you.
You die...

#########
#...S@>.###
#.##......#
...####<##.##.#.#
#.........##.#.####
...####.#####......#
#.#####......#
#.................#
#.......####(.รท...#
#.......# #......#


You could see an adder.

Vanquished Creatures
  An adder (D:2)
  A dart slug (D:1)
  3 leopard geckos (D:1)
  2 goblins (D:1)
  4 hobgoblins (D:1)
  3 kobolds (D:1)
  3 bats (D:1)
  4 frilled lizards (D:1)
  5 rats (D:1)
26 creatures vanquished.

Notes
Turn   | Place    | Note
-------+----------+-------------------------------------------
     0 | D:1      | Emblim88 the Tengu Air Elementalist began the quest for the
                  | Orb.
     0 | D:1      | Reached XP level 1. HP: 10/10 MP: 4/4
   181 | D:1      | Reached XP level 2. HP: 15/15 MP: 3/6
   651 | D:1      | Reached XP level 3. HP: 19/19 MP: 0/7
  1127 | D:1      | Learned a level 3 spell: Static Discharge
  1130 | D:1      | Learned a level 2 spell: Swiftness
  1276 | D:2      | Slain by an adder

Levels and vault maps discovered:
D:1:      scummos_arrival_gate, layout_loops_ring, wad_floor_pattern_2
D:2:      layout_loops_cross, vehumet_crystals, nicolae_ru_path_of_blood

Skill      XL: |  1  2 |
---------------+-------+-----
Conjurations   | 2 |  2.2
Short Blades   | |  0.4
Dodging        | |  2.6
Stealth        | |  2.4
Spellcasting   | |  2.3
Air Magic      | |  4.3

Action                   || total
-------------------------++-------
Melee: Dagger            ||    13
       Kick              ||     4
 Cast: Shock             ||    54
  Eat: Ration            ||     1
Armor: Robe              ||     3
Dodge: Dodged            ||    16
